 Dungeon Crawl Stone Soup version 0.28.0-53-g5a82cb258f (webtiles) character file.

Game seed: 16746024578214913514

23 bnorton916 the Firebug (level 2, -1/15 HPs)
             Began as a Deep Elf Fire Elementalist on July 11, 2022.
             Splashed by a jelly's acid (9 damage)
             ... on level 2 of the Dungeon.
             The game lasted 00:01:12 (1277 turns).

bnorton916 the Firebug (Deep Elf Fire Elementalist) Turns: 1277, Time: 00:01:13

Health: -1/15      AC:  2    Str:  5    XL:     2   Next: 75%
Magic:  2/8        EV: 12    Int: 19    God:
Gold:   59         SH:  0    Dex: 15    Spells: 7/8 levels left

rFire   . . .      SeeInvis .   (no weapon)
rCold   . . .      Faith    .   (no shield)
rNeg    . . .      Spirit   .   a - +0 robe
rPois   .          Reflect  .   (no helmet)
rElec   .          Harm     .   (no cloak)
rCorr   .          Rampage  .   (no gloves)
Will    .....                   (no boots)
Stlth   ++........              (no amulet)
HPRegen 0.05/turn               (no ring)
MPRegen 0.11/turn               (no ring)

@: no status effects
A: no striking features
a: no special abilities


You were on level 2 of the Dungeon.
You visited 1 branch of the dungeon, and saw 2 of its levels.

You collected 59 gold pieces.

Inventory:

Missiles
 b - 15 stones
Armour
 a - a +0 robe (worn)
Scrolls
 e - a scroll of brand weapon {unknown}
 f - a scroll of identify {unknown}
 h - a scroll of magic mapping {unknown}
Potions
 c - a potion of cancellation {unknown}
 d - 2 potions of brilliance {unknown}
 g - a potion of flight {unknown}


   Skills:
 - Level 2.4 Dodging
 - Level 2.4 Stealth
 + Level 3.6 Spellcasting
 + Level 1.9 Conjurations
 + Level 3.7 Fire Magic


You had 7 spell levels left.
You knew the following spells:

 Your Spells              Type           Power      Damage    Failure   Level
a - Foxfire               Conj/Fire      56%        2x1d6     4%          1

Your spell library contained the following spells:

 Spells                   Type           Power      Damage    Failure   Level
 Scorch                   Fire           34%        2d6       4%          2
 Conjure Flame            Conj/Fire      14%        6-21      13%         3
 Inner Flame              Hex/Fire       10%        N/A       21%         3
 Flame Wave               Conj/Fire      14%        2d6       41%         4


Dungeon Overview and Level Annotations

Branches:
Dungeon (2/15)

Altars:

Shops:
D:1 *


Message History

Nothing appears to happen.
A jelly comes into view.
Casting: Foxfire (safe; 4% risk of failure)
Confirm with . or Enter, or press ? or * to list all spells.
You conjure some foxfire!
The jelly quivers.
The foxfire hits the endoplasm.
The endoplasm is heavily wounded.
The foxfire hits the endoplasm.
The endoplasm is almost dead.
Casting: Foxfire (safe; 4% risk of failure)
Confirm with . or Enter, or press ? or * to list all spells.
You conjure some foxfire!
The endoplasm freezes you.
You are frozen.
The foxfire hits the goblin.
You kill the goblin!
The foxfire hits the endoplasm.
You kill the endoplasm!
Casting: Foxfire (safe; 4% risk of failure)
Confirm with . or Enter, or press ? or * to list all spells.
You conjure some foxfire!
The foxfire hits the jelly.
The jelly is lightly wounded.
The foxfire hits the jelly.
The jelly is heavily wounded.
Your magical contamination has completely faded away.
Casting: Foxfire (safe; 4% risk of failure)
Confirm with . or Enter, or press ? or * to list all spells.
You conjure some foxfire!
The foxfire hits the jelly.
The jelly is heavily wounded.
The foxfire hits the jelly.
The jelly is severely wounded.
The jelly hits you but does no damage.
Casting: Foxfire (safe; 4% risk of failure)
Confirm with . or Enter, or press ? or * to list all spells.
You conjure some foxfire!
The jelly hits you.
You are splashed with acid!
Ouch! That really hurt!
You die...

.≈≈♣
≈≈P######.#.##
.≈≈♣
P######.#.#
#.P≈
..........#
#≈P.
#######.###
#≈P≈ #.# #.#
#.# #v####
#@v..#
#....J...#
#....)...≈≈≈≈
#..).....P≈≈≈
#.........≈≈≈
..........PP≈≈
P##.........≈P≈
#.........P≈≈


You could see a jelly (ally target).

Vanquished Creatures
  A dart slug (D:1)
  A ball python (D:1)
  An endoplasm (D:2)
  3 giant cockroaches
  2 hobgoblins (D:1)
  3 kobolds
  A bat (D:1)
  A frilled lizard (D:1)
  4 goblins
  3 rats
20 creatures vanquished.

Vanquished Creatures (others)
  108 foxfires
  A plant (D:2)
109 creatures vanquished.

Grand Total: 129 creatures vanquished

Notes
Turn   | Place    | Note
-------+----------+-------------------------------------------
     0 | D:1      | bnorton916 the Deep Elf Fire Elementalist began the quest
                  | for the Orb.
     0 | D:1      | Reached XP level 1. HP: 10/10 MP: 6/6
   486 | D:1      | Reached XP level 2. HP: 15/15 MP: 6/8
   631 | D:1      | Found Hegum's Assorted Antiques.
  1277 | D:2      | Splashed by a jelly's acid

Illustrated notes

Levels and vault maps discovered:
D:1:      minmay_arrival_up_and_down, layout_basic, serial_shops, shop_statue
D:2:      layout_basic, serial_bayou, serial_bayou_shore_a, serial_bayou_pond_c,
          serial_bayou_pond_c, serial_bayou_shore_b, serial_bayou_pond_a,
          dreamdust_ecumenical_altar_hidden_monk_grotto,
          kennysheep_generic_room_9

Action                   || total
-------------------------++-------
Melee: Unarmed           ||     1
 Cast: Foxfire           ||    65
Armor: Robe              ||     3
Dodge: Dodged            ||     7
